Map: 안갯속 표류기

Players

테라진

  • Race: Protoss Protoss
  • Spawn Location: 6:00

nonplayer

  • Race: Terran Terran
  • Spawn Location: 5:00

VOD

Have the link to the VOD?

Description

Time

  • Played on: Aug. 20, 2017, 5:18 a.m.
  • Length: 30:10
Show
View Real Time Build Order
Export as new Build Order

테라진 Protoss 

Build Orders:  

Get SALT Encoding   

  12  0:02  Probe (Chrono Boost)  
  13  0:16  Probe (Chrono Boost)  
  14  0:31  Probe (Chrono Boost)  
  14  0:32  Pylon  
  15  0:56  Probe (Chrono Boost)  
  16  1:11  Probe (Chrono Boost)  
  17  1:22  Pylon  
  17  1:25  Probe (Chrono Boost)  
  18  1:43  Probe (Chrono Boost)  
  19  1:57  Probe (Chrono Boost)  
  20  2:05  Nexus  
  20  2:11  Probe (Chrono Boost)  
  20  2:15  Assimilator  
  20  2:18  Assimilator  
  21  2:25  Probe (Chrono Boost)  
  21  2:28  Gateway  
  22  2:39  Probe (Chrono Boost)  
  22  2:42  Pylon  
  23  2:53  Probe (Chrono Boost)  
  23  2:59  Pylon  
  24  3:07  Probe (Chrono Boost)  
  25  3:21  Probe (Chrono Boost)  
  26  3:33  Cybernetics Core  
  26  3:34  Probe (Chrono Boost)  
  27  3:45  Gateway  
  27  3:49  Probe (Chrono Boost)  
  28  4:01  Probe (Chrono Boost)  
  28  4:03  Probe (Chrono Boost)  
  30  4:14  Assimilator  
  30  4:15  Probe (Chrono Boost)  
  30  4:17  Probe (Chrono Boost)  
  32  4:29  Probe (Chrono Boost), Death Council  
  33  4:33  Warp Gate  
  33  4:41  Assimilator  
  33  4:43  Probe (Chrono Boost)  
  34  4:50  Probe (Chrono Boost)  
  34  4:56  Probe (Chrono Boost)  
  36  5:04  Probe (Chrono Boost)  
  37  5:11  Pylon  
  37  5:13  Pylon, Probe (Chrono Boost)  
  37  5:18  Probe (Chrono Boost)  
  39  5:27  Probe (Chrono Boost)  
  39  5:29  Ascendant Archives  
  40  5:39  Forge  
  40  5:41  Probe (Chrono Boost)  
  41  5:50  Gateway  
  41  5:54  Probe (Chrono Boost)  
  42  6:03  Gateway  
  42  6:05  Gateway  
  42  6:08  Probe (Chrono Boost)  
  43  6:27  Probe (Chrono Boost)  
  44  6:30  Power Overwhelming  
  44  6:32  Gateway  
  44  6:40  Gateway  
  44  6:41  Probe (Chrono Boost)  
  44  6:44  Probe (Chrono Boost)  
  46  6:51  Gateway  
  46  6:55  Probe (Chrono Boost)  
  47  7:20  Mind Blast  
  47  7:29  Imposing Presence (Chrono Boost)  
  47  7:32  Probe (Chrono Boost)  
  48  8:00  Pylon  
  48  8:06  Pylon  
  48  8:22  Mothership  
  48  8:33  Ascendant x4  
  48  8:36  Supplicant x4  
  48  8:37  Supplicant x4  
  68  9:05  Ascendant x4  
  70  9:26  Ascendant  
  70  9:27  Ascendant x3  
  72  9:50  Supplicant x6  
  72  9:51  Supplicant x2  
  72  9:59  Chaotic Attunement  
  84  10:12  Ascendant x2  
  84  10:15  Supplicant x4  
  88  10:45  Pylon  
  88  10:48  Pylon  
  84  10:50  Supplicant x4  
  84  10:52  Ascendant  
  84  11:13  Supplicant x2  
  84  11:14  Supplicant x4, Ascendant  
  84  11:15  Ascendant  
  92  11:44  Pylon  
  88  11:50  Pylon  
  82  12:06  Ascendant x2  
  82  12:08  Supplicant x2  
  82  12:09  Supplicant x8  
  82  12:10  Supplicant x2  
  98  12:31  Ascendant  
  98  12:33  Supplicant x8  
  98  12:34  Supplicant x2  
  118  12:53  Pylon  
  112  13:16  Havoc x2  
  112  13:17  Havoc x2  
  114  13:26  Supplicant x6  
  114  13:29  Cloaking Module  
  116  14:02  Pylon  
  116  14:04  Pylon  
  116  14:06  Pylon  
  116  14:09  Pylon  
  108  14:14  Supplicant x8  
  116  14:26  Supplicant x6  
  124  14:41  Mothership  
  114  15:05  Supplicant x8  
  114  15:06  Supplicant x4  
  114  15:07  Supplicant x2  
  114  15:08  Supplicant x2  
  142  15:15  Protoss Shields Level 1  
  142  15:17  Blood Shields  
  100  16:03  Supplicant x6  
  100  16:04  Supplicant x8  
  124  16:17  Soul Augmentation  
  124  16:19  Supplicant x2  
  120  16:36  Supplicant x6  
  122  16:43  Pylon  
  114  16:55  Pylon  
  114  17:05  Supplicant x6  
  114  17:06  Supplicant x2  
  114  17:07  Pylon  
  98  18:02  Supplicant x6  
  98  18:03  Supplicant x8  
  92  18:55  Supplicant x8  
  92  18:56  Supplicant x6  
  89  19:35  Supplicant x4  
  89  19:36  Supplicant x6  
  103  19:42  Mothership  
  92  20:24  Supplicant x2  
  92  20:25  Supplicant x6  
  104  20:31  Supplicant x2  
  104  20:32  Supplicant x4  
  112  20:46  Havoc x3  
  112  20:48  Supplicant x2  
  112  20:49  Supplicant x2  
  105  21:12  Supplicant x6  
  105  21:16  Supplicant x2  
  119  21:28  Supplicant x2  
  95  22:07  Supplicant x4  
  95  22:08  Supplicant x8  
  119  22:20  Protoss Shields Level 2 (Chrono Boost)  
  119  22:26  Detect Weakness  
  119  22:35  Probe  
  120  23:06  Pylon  
  120  23:10  Pylon  
  120  23:26  Pylon  
  120  23:31  Pylon  
  120  23:50  Pylon  
  120  23:53  Supplicant x4  
  120  23:54  Supplicant x4, Pylon  
  120  23:56  Supplicant x2, Bloodshard Resonance  
  120  23:57  Supplicant x2  
  144  24:00  Pylon  
  144  25:03  Supplicant x6  
  144  25:04  Supplicant x2  
  142  26:02  Supplicant x4  
  142  26:03  Supplicant x2  
  154  26:13  Supplicant x4  
  154  26:16  Supplicant x2  
  154  26:17  Supplicant x2  
  170  26:20  Mothership  
  150  26:56  Supplicant x2  
  150  26:57  Supplicant x2  
  130  27:48  Supplicant x4  
  130  27:49  Supplicant x2  
  140  27:50  Supplicant x2  
  112  28:44  Supplicant x8  
  112  28:45  Supplicant x2  
  112  28:46  Supplicant x2  
Show
View Real Time Build Order
Export as new Build Order

nonplayer Terran 

Build Orders:  

Get SALT Encoding   

  12  0:11  SCV  
Tags
 
Add a new tag
Caveats
  • Supply blocks, unpowered buildings, or Contaminate may cause inaccurate times.
  • Supply counts are checked every 10 seconds.